 Dungeon Crawl Stone Soup version 0.28-a0-984-g3775c662fe (webtiles) character file.

Game seed: 12053337912267254018

139 spiderkeys the Skirmisher (level 5, 0/43 HPs)
             Began as a Barachi Abyssal Knight on Dec 3, 2021.
             Was a Follower of Lugonu.
             Slain by Ijyb (3 damage)
             ... on level 2 of the Dungeon.
             The game lasted 00:03:58 (1924 turns).

spiderkeys the Skirmisher (Barachi Abyssal Knight)  Turns: 1924, Time: 00:03:58

Health: 0/43       AC:  3    Str: 17    XL:     5   Next: 22%
Magic:  6/6        EV: 12    Int: 10    God:    Lugonu [*.....]
Gold:   50         SH:  0    Dex: 10    Spells: 4/4 levels left

rFire   . . .      SeeInvis .   c - +1 hand axe (vorpal)
rCold   . . .      Faith    .   (no shield)
rNeg    . . .      Spirit   .   b - +0 leather armour
rPois   +          Reflect  .   (no helmet)
rElec   .          Harm     .   (no cloak)
rCorr   .          Rampage  .   (no gloves)
Will    .....                   (no boots)
Stlth   +.........              (no amulet)
HPRegen 0.14/turn               (no ring)
MPRegen 0.10/turn               (no ring)

@: slow
A: amphibious, slowness 1, strong legs 1, +LOS, claws 1, clumsy 1, poison
resistance
a: Hop, Renounce Religion, Depart the Abyss


You were on level 2 of the Dungeon.
You worshipped Lugonu.
Lugonu was aware of your devotion.
You visited 1 branch of the dungeon, and saw 2 of its levels.
You visited the Abyss 1 time.

You collected 50 gold pieces.


Innate Abilities, Weirdness & Mutations

You are amphibious.
You cover ground slowly.
You can hop short distances.
You have an extended range of vision and can be seen from far away.
You have sharp fingernails.
You are clumsy. (Dex -2)
Your system is resistant to poisons. (rPois)


   Skills:
 + Level 4.6 Fighting
 + Level 3.3 Axes
 - Level 2.4 Armour
 + Level 2.7 Dodging
 + Level 2.6 Invocations


You had 4 spell levels left.
You didn't know any spells.
Your spell library was empty.

Inventory:

Hand Weapons
 a - a +1 hand axe
 c - a +1 vorpal hand axe (weapon)
   (You found it on level 2 of the Abyss)
Missiles
 f - 38 stones
 g - 6 datura-tipped darts
 h - 4 poisoned darts
 i - 22 arrows
 j - 70 sling bullets
 m - 21 bolts
Armour
 b - a +0 leather armour (worn)
Scrolls
 o - a scroll of fog
 p - a scroll of noise {!r}
Potions
 d - a potion of mutation {!q}
Miscellaneous
 e - a phial of floods (inert)
   (You found it on level 3 of the Abyss)

Dungeon Overview and Level Annotations

Branches:
Dungeon (2/15)

Altars:

Annotations:
D:2 Ijyb

........>. .. #..
.._......###.#### ######..
.................
......... #.†####.###...#
#... # #...†.........#
#... #...###..#####.##...#
#... .........### #..#...#
#.## .....#.#.)g# ##.#...#
#.# .###...#.#@####.#...#
#.# .........#..........#
#.# .#.......######.....#
#.# #8...gg8#
#.....####.##
#.....g.######.#..........
#8....g8#......#.######.##
#..g...g#.###.......#.....
#8..g..8#...#.##.##.#.#.##
#.......###.#.##..#.#.#.##


You could see Ijyb.


Message History

😎 HP[+15]
Your hp is fully restored (43). 2 goblins come into view.
The goblin shouts! x2; You hear a shout!
A goblin comes into view. It is wielding a +0 dagger.
A goblin comes into view. It is wielding a +0 club.
A goblin comes into view. It is wielding a +0 dagger.
There are monsters nearby!
Ijyb the Twisted Goblin comes into view.
She is wielding a +0 club and carrying a wand of iceblast (4).
The goblin shouts!
A goblin comes into view. It is wielding a +0 dagger.
You closely miss the goblin. The goblin hits you but does no damage.
You closely miss the goblin. You hit the goblin but do no damage.
The goblin hits you with a +0 dagger. The goblin barely misses you. 😕 HP[-1]
You take 1 damage, and now have 42/43 hp.
You closely miss the goblin. You hit the goblin.
You kill the goblin!
Lugonu accepts your kill. The goblin barely misses you. x2
You miss the goblin. You slash the goblin!
You kill the goblin!
Lugonu accepts your kill.
You barely miss the goblin. The goblin hits you with a +0 club.
You hit the goblin.
You kill the goblin!
Lugonu accepts your kill.
You barely miss the goblin. The goblin hits you but does no damage.
You closely miss Ijyb. You closely miss the goblin.
The goblin barely misses you. Ijyb hits you with a +0 club! 😕 HP[-7]
You take 7 damage, and now have 35/43 hp.
You closely miss Ijyb. You hit the goblin.
You kill the goblin!
Lugonu accepts your kill.
You closely miss Ijyb. You hit the goblin.
You kill the goblin!
Lugonu accepts your kill. Ijyb hits you with a +0 club. 😮 HP[-4]
You take 4 damage, and now have 31/43 hp.
You are too injured to fight recklessly!
You are too injured to fight recklessly!
You are too injured to fight recklessly!
You hit Ijyb but do no damage. You hit the goblin.
You kill the goblin!
Lugonu accepts your kill. Ijyb misses you.
Ijyb hits you with a +0 club. 😮 HP[-4]
You take 4 damage, and now have 27/43 hp.
You hit Ijyb but do no damage. Ijyb hits you with a +0 club. 😮 HP[-2]
You take 2 damage, and now have 25/43 hp.
You barely miss Ijyb. Ijyb barely misses you.
You hit Ijyb. Ijyb hits you with a +0 club. 😮 HP[-2]
You take 2 damage, and now have 23/43 hp.
You closely miss Ijyb. Ijyb hits you with a +0 club.
* * * LOW HITPOINT WARNING * * *
😨 HP[-4]
You take 4 damage, and now have 19/43 hp.
You completely miss Ijyb. Ijyb hits you with a +0 club.
* * * LOW HITPOINT WARNING * * *
😨 HP[-1]
You take 1 damage, and now have 18/43 hp.
You closely miss Ijyb. Ijyb hits you but does no damage. x2
You hit Ijyb but do no damage.
Ijyb hits you but does no damage. 😨 HP[+1]
You barely miss Ijyb. Ijyb closely misses you.
You hit Ijyb but do no damage. Ijyb hits you with a +0 club.
* * * LOW HITPOINT WARNING * * *
😨 HP[-5]
You take 5 damage, and now have 14/43 hp.
It was a potion of curing.
You feel better. Ijyb hits you with a +0 club.
* * * LOW HITPOINT WARNING * * *
😨 HP[+5]
You regained 5 hp, and now have 19/43 hp.
You hit Ijyb but do no damage. Ijyb misses you.
You hit Ijyb but do no damage. Ijyb closely misses you.
You closely miss Ijyb. Ijyb hits you with a +0 club.
* * * LOW HITPOINT WARNING * * *
😨 HP[-3]
You take 3 damage, and now have 16/43 hp.
You hit Ijyb. Ijyb misses you.
You slash Ijyb! Ijyb hits you with a +0 club.
* * * LOW HITPOINT WARNING * * *
Ijyb hits you with a +0 club.
* * * LOW HITPOINT WARNING * * *
😱 HP[-9]
You take 9 damage, and now have 7/43 hp.
MASSIVE DAMAGE!! (PAUSE)
Okay, then.
Okay, then.
You barely miss Ijyb. Ijyb hits you with a +0 club.
* * * LOW HITPOINT WARNING * * *
😱 HP[-4]
You take 4 damage, and now have 3/43 hp.
You barely miss Ijyb. Ijyb hits you with a +0 club.
You die...

Skill      XL: |  1  2  3  4 |
---------------+-------------+-----
Invocations    | 2 |  2.6
Fighting       | 4 |  4.6
Dodging        | 2 |  2.7
Axes           | 3 |  3.3
Armour         | |  2.4

Action                   |  1- 3 |  4- 6 || total
-------------------------+-------+-------++-------
Melee: Hand axe          |    77 |    44 ||   121
Invok: Depart the Abyss  |     1 |       ||     1
 Abil: Hop               |       |     1 ||     1
Evoke: Phial of floods   |       |     1 ||     1
  Use: Scroll            |     4 |     1 ||     5
       Potion            |     1 |     3 ||     4
 Stab: Sleeping          |     1 |       ||     1
Armor: Leather armour    |    21 |     7 ||    28
Dodge: Dodged            |    65 |    19 ||    84

Levels and vault maps discovered:
D:1:      minmay_arrival_radiant_lines, layout_loops_cross, glass_columns_a,
          chequers_serial_rivers_small_b, chequers_serial_rivers_micro_b,
          kennysheep_decorative_pillar
D:2:      kennysheep_the_goblin_king, layout_basic,
          hellmonk_ecumenical_altar_watching_god, uniq_natasha

Notes
Turn   | Place    | Note
-------+----------+-------------------------------------------
     0 | Abyss:1  | spiderkeys the Barachi Abyssal Knight began the quest for
                  | the Orb.
     0 | Abyss:1  | Reached XP level 1. HP: 18/18 MP: 2/2
     0 | Abyss:1  | magus.rc [v1.9.10]
    46 | Abyss:3  | Noticed a flying skull
    50 | Abyss:3  | Noticed a flying skull
    52 | D:1      | You pass through the gate.
    52 | D:1      | Escaped the Abyss
   329 | D:1      | Reached XP level 2. HP: 21/25 MP: 3/3
   518 | D:1      | Reached * piety under Lugonu
   688 | D:1      | Reached skill level 2 in Invocations
   968 | D:2      | Reached skill level 4 in Fighting
   968 | D:2      | Reached XP level 3. HP: 18/30 MP: 4/4
  1301 | D:2      | Noticed Natasha
  1319 | D:2      | Gained mutation: You have sharp fingernails. [potion of
                  | mutation]
  1319 | D:2      | Gained mutation: You are clumsy. (Dex -2) [potion of
                  | mutation]
  1319 | D:2      | Gained mutation: Your system is resistant to poisons.
                  | (rPois) [potion of mutation]
  1330 | D:2      | HP: 1/30 [Natasha (7)]
  1333 | D:2      | Killed Natasha
  1334 | D:2      | Reached skill level 2 in Dodging
  1334 | D:2      | Reached XP level 4. HP: 1/38 MP: 5/5
  1335 | D:2      | HP: 1/38 [quokka (1)]
  1350 | D:2      | Noticed Natasha
  1363 | D:2      | HP: 3/38 [Natasha (1)]
  1364 | D:2      | HP: 1/38 [Natasha (3)]
  1366 | D:2      | Killed Natasha
  1367 | D:2      | Reached skill level 3 in Axes
  1758 | D:2      | Found a faded altar of an unknown god.
  1759 | D:2      | Noticed a great orb of eyes
  1759 | D:2      | Noticed Natasha
  1771 | D:2      | Killed Natasha
  1772 | D:2      | Reached XP level 5. HP: 27/43 MP: 6/6
  1891 | D:2      | Noticed Ijyb
  1922 | D:2      | HP: 7/43 [Ijyb (5)]
  1923 | D:2      | HP: 3/43 [Ijyb (4)]
  1924 | D:2      | Slain by Ijyb

Vanquished Creatures
  Natasha (thrice) (D:2)
  2 adders (D:2)
  A worm (D:2)
  2 dart slugs
  4 endoplasms
  7 jackals
  2 quokkas (D:2)
  2 ball pythons (D:1)
  4 bats
  9 goblins
  2 kobolds
  2 rats
40 creatures vanquished.

Table legend:
 A = Non-vault XP
 B = Vault XP
 C = Vault XP percentage of total XP
 D = Non-vault monster count
 E = Vault monster count
 F = Vault count percentage of total count
                 A         B        C        D         E       F
            +---------+---------+-------+---------+---------+-------
      Total |     152 |      47 |  23.6 |      33 |       7 |  17.5
            +---------+---------+-------+---------+---------+-------
        D:1 |      29 |       0 |   0.0 |      17 |       0 |   0.0
        D:2 |     123 |      47 |  27.6 |      16 |       7 |  30.4
            +---------+---------+-------+---------+---------+-------

Illustrated notes

Table legend:
 A = Kills in this place as a percentage of kills in entire the game.
 B = Kills by you in this place as a percentage of kills by you in the entire game.
 C = Kills by friends in this place as a percentage of kills by friends in the entire game.
 D = Other kills in this place as a percentage of other kills in the entire game.
 E = Experience gained in this place as a percentage of experience gained in the entire game.
 F = Experience gained in this place divided by the number of levels of this place that you have seen.
                   A       B       C       D       E      F
               +-------+-------+-------+-------+-------+----------------------
         Total | 100.0 | 100.0 |   N/A |   N/A | 100.0 |  39.8
       Dungeon | 100.0 | 100.0 |   N/A |   N/A | 100.0 |  99.5
               +-------+-------+-------+-------+-------+----------------------

Table legend: (Time is in decaauts)
 A = Elapsed time spent in this place.
 B = Non-inter-level travel time spent in this place.
 C = Inter-level travel time spent in this place.
 D = Time resting spent in this place.
 E = Time spent auto-exploring this place.
 F = Levels seen in this place.
 G = Mean time per level.
                   A        B        C        D        E       F      G
               +--------+--------+--------+--------+--------+-----+--------+
         Total |   2129 |   2087 |     42 |     13 |   1710 |   5 |  425.8 |
       Dungeon |   2070 |   2028 |     42 |     13 |   1706 |   2 | 1035.0 |
         Abyss |     59 |     59 |      0 |      0 |      3 |   3 |   19.7 |
               +--------+--------+--------+--------+--------+-----+--------+

Top non-repeatable levels by time:
     D:2: 1040 daAuts
     D:1: 1030 daAuts
 Abyss:2: 33 daAuts
 Abyss:3: 14 daAuts
 Abyss:1: 11 daAuts
